 Dungeon Crawl Stone Soup version 0.18.1-50-g88ac8fd (webtiles) character file.

34774 mopl the Covert (level 13, 0/69 HPs)
             Began as a Vine Stalker Monk on July 25, 2018.
             Was the Champion of Pakellas.
             Succumbed to a spiny frog's poison
             ... on level 6 of the Lair of Beasts on July 27, 2018.
             The game lasted 00:40:28 (15270 turns).

mopl the Covert (Vine Stalker Monk)                Turns: 15270, Time: 00:40:29

Health: 0/69       AC:  8    Str: 17    XL:     13   Next: 79%
Magic:  6/22       EV: 19    Int: 10    God:    Pakellas [******]
Gold:   1102       SH:  0    Dex: 22    Spells: 0 memorised, 12 levels left

rFire  . . .     SeeInvis .     a - +3 great sword
rCold  . . .     Gourm    .     G - +1 robe
rNeg   . . .     Faith    .     (shield currently unavailable)
rPois  .         Spirit   +     F - +2 hat
rElec  .         Dismiss  .     M - +2 cloak
rCorr  .         Reflect  .     (no gloves)
SustAt .         Harm     .     (no boots)
MR     ++...                    q - amulet of rage
Stlth  +++++.....               p - ring of protection from magic
                                O - +3 ring of dexterity

@: lethally poisoned (0 -> -32), very resistant to hostile enchantments, quite
stealthy
A: fangs 3, regeneration 3, magic shield, antimagic bite, no device heal 3, rot
immunity
a: Quick Charge, Device Surge, Supercharge, Renounce Religion, Evoke Berserk
Rage


You were on level 6 of the Lair of Beasts.
You worshipped Pakellas.
Pakellas was exalted by your worship.
You were hungry.

You visited 3 branches of the dungeon, and saw 18 of its levels.

You collected 1102 gold pieces.

Inventory:

Hand Weapons
 a - a +3 great sword (weapon)
 b - a +0 dagger of protection
 g - a +0 scimitar of flaming
Missiles
 j - 16 tomahawks (quivered)
 D - 2 curare-tipped needles
 P - 6 throwing nets
Armour
 F - a +2 hat (worn)
 G - a +1 robe (worn)
 M - a +2 cloak (worn)
Rods
 X - a +2 rod of inaccuracy (14/14) {!a}
   (Pakellas gifted it to you on level 8 of the Dungeon)
Jewellery
 p - a ring of protection from magic (right hand)
 q - an amulet of rage (around neck)
 t - an uncursed ring of positive energy
 A - an uncursed amulet of faith {!P}
 I - an uncursed ring of flight
 O - a +3 ring of dexterity (left hand)
Wands
 k - a wand of random effects (14/48)
 u - a wand of flame (19/48)
 J - a wand of acid (13/15)
 U - a wand of polymorph (12/24)
 Y - a wand of iceblast (11/15)
Scrolls
 e - 2 scrolls of torment {unknown}
 f - a scroll of noise {unknown}
 i - 2 scrolls of blinking {unknown}
 l - 13 scrolls of remove curse
 n - a scroll of magic mapping {unknown}
 o - 3 scrolls of immolation
 r - 4 scrolls of enchant armour
 s - 5 scrolls of random uselessness {unknown}
 v - 5 scrolls of teleportation
 w - 2 scrolls of enchant weapon {unknown}
 y - 2 scrolls of recharging {unknown}
 B - 2 scrolls of fog {unknown}
 C - a scroll of vulnerability {unknown}
 K - 2 scrolls of amnesia {unknown}
 L - 3 scrolls of fear {unknown}
 W - a scroll of holy word {unknown}
Potions
 d - 2 potions of haste
 h - 2 potions of agility
 x - a potion of ambrosia
 H - 2 potions of might
 N - 6 potions of curing {unknown}
 R - 2 potions of lignification {!q}
 S - a potion of berserk rage {!q}
 T - a potion of invisibility {unknown}
 V - 4 potions of magic
 Z - 2 potions of flight
Miscellaneous
 E - a phantom mirror
 Q - a fan of gales (inert)
Comestibles
 c - 20 fruits
 m - 2 meat rations
 z - 14 bread rations


   Skills:
 + Level 8.6 Fighting
 * Level 10.2 Long Blades
 + Level 6.9 Armour
 + Level 7.4 Dodging
 + Level 11.1 Stealth
 - Level 4.0 Unarmed Combat
 * Level 11.0 Evocations


You had 12 spell levels left.
You didn't know any spells.

Dungeon Overview and Level Annotations

Branches:
Dungeon (11/15)            Temple (1/1) D:5            Lair (6/8) D:10
  Swamp (0/4) Lair:3       Spider (0/4) Lair:4          Orc (0/2) D:11
  Slime: Lair:6-8

Altars:
Ashenzari
Cheibriados
Dithmenos
Elyvilon
Fedhas
Gozag
Kikubaaqudgha
Makhleb
Nemelex Xobeh
Okawaru
Pakellas
Qazlal
Ru
Sif Muna
Trog
Vehumet
Xom
Yredelemnul
Zin
The Shining One


Innate Abilities, Weirdness & Mutations

You have razor-sharp teeth.
You regenerate.
When hurt, damage is shared between your health and your magic reserves.
Your bite disrupts and absorbs the magic of your enemies.
Potions and wands cannot restore your health.
You are immune to rotting.


Message History

The spiny frog is severely wounded.
* * * LOW HITPOINT WARNING * * *
You feel very sick. The iguana completely misses you.
The spiny frog misses you.
Unknown command.
You hit the spiny frog. You bite the spiny frog. You drain its power.
You feel invigorated.
The spiny frog is almost dead.
* * * LOW HITPOINT WARNING * * *
You feel sick. The iguana bites you!
* * * LOW HITPOINT WARNING * * *
The spiny frog stings you!
* * * LOW HITPOINT WARNING * * *
You are more poisoned.
The spiny frog poisons you!
You barely miss the spiny frog.
You bite the spiny frog, but do no damage.
The spiny frog is almost dead.
You die...
Pakellas says: That's one more possible approach eliminated.

##### ##.#.## #
##..P.F#..#
#.P..@....#
#.....l......
#..............
##.............
#..............
...............
#.........$....
..##...........


You could see a spiny frog and an iguana.

Vanquished Creatures
  Gastronok (D:11)
  Erica (D:11)
  4 hydras
  A hill giant (D:10)
  A necromancer (Lair:2)
  2 oklob plants (Lair:1)
  A cyclops (D:11)
  3 black mambas
  4 elephants (Lair:3)
  7 spiny frogs
  A gargoyle (D:11)
  A torpor snail (Lair:4)
  A komodo dragon (Lair:2)
  3 trolls
  2 jumping spiders (Lair:4)
  Prince Ribbit (D:8)
  2 two-headed ogres (D:10)
  12 blink frogs
  2 redbacks (Lair:4)
  A spriggan (D:7)
  A shadow (D:11)
  The ghost of Amnesiac the Charlatan, an amateur VSAr (D:5)
  A wyvern (D:9)
  6 hippogriffs
  A basilisk (Lair:5)
  45 yaks
  A warg (D:8)
  10 porcupines
  6 water moccasins
  2 hell hounds (D:10)
  6 orc warriors
  4 ice beasts
  A sky beast (D:10)
  A phantom (D:11)
  A black bear (D:7)
  A necrophage (D:8)
  6 ogres
  4 centaurs
  7 crocodiles
  The ghost of flestrin the Conjurer, an amateur DECj (D:3)
  17 giant frogs
  2 gnoll sergeants
  A water moccasin zombie (D:8)
  2 scorpions
  9 killer bees
  13 wights
  6 howler monkeys
  A centaur zombie (D:5)
  A giant frog zombie (D:9)
  6 crimson imps
  A centaur skeleton (D:6)
  4 hounds
  8 orc priests
  Crazy Yiuf (D:6)
  4 gnoll shamans (D:4)
  12 orc wizards
  3 giant frog skeletons
  4 iguanas
  3 polar bear simulacra (Lair:2)
  5 worker ants
  3 yak simulacra (Lair:2)
  4 sheep (Lair:3)
  2 wolf simulacra (Lair:2)
  A hound zombie (D:9)
  A howler monkey zombie (D:6)
  A worker ant zombie (D:6)
  39 gnolls
  42 river rats
  11 adders
  An ooze (D:2)
  An adder zombie (D:8)
  2 dart slugs
  4 giant geckos
  44 orcs
  A giant cockroach (D:3)
  A goblin (D:3)
  7 hobgoblins
  29 jackals
  5 quokkas
  3 ball pythons
  5 bats
  5 giant newts
  A jackal zombie (D:7)
  6 kobolds
  A quokka skeleton (D:6)
  A quokka zombie (D:8)
  5 rats
  3 river rat simulacra (Lair:2)
489 creatures vanquished.

Vanquished Creatures (collateral kills)
  A hill giant (D:11)
  A komodo dragon (D:11)
  2 redbacks (Lair:4)
4 creatures vanquished.

Vanquished Creatures (others)
  4 fungi
  2 plants
6 creatures vanquished.

Grand Total: 499 creatures vanquished

Notes
Turn   | Place    | Note
--------------------------------------------------------------
     0 | D:1      | mopl the Vine Stalker Monk began the quest for the Orb.
     0 | D:1      | Reached XP level 1. HP: 11/11 MP: 2/2
   191 | D:1      | Reached XP level 2. HP: 16/16 MP: 1/3
   483 | D:2      | Reached skill level 3 in Fighting
   911 | D:2      | Reached XP level 3. HP: 20/20 MP: 4/4
  1122 | D:2      | Found a blossoming altar of Fedhas.
  1132 | D:2      | Reached skill level 1 in Evocations
  1214 | D:2      | You fall through a shaft!
  1214 | D:3      | Noticed flestrin's ghost (amateur DECj)
  1305 | D:3      | Reached XP level 4. HP: 23/24 MP: 5/5
  1432 | D:3      | Killed flestrin's ghost
  1432 | D:3      | Reached skill level 1 in Armour
  1432 | D:3      | Reached skill level 3 in Dodging
  1432 | D:3      | Reached skill level 3 in Stealth
  1432 | D:3      | Reached skill level 2 in Evocations
  1432 | D:3      | Reached XP level 5. HP: 24/28 MP: 7/7
  1921 | D:4      | Found a deep blue altar of Sif Muna.
  2005 | D:4      | Gained mutation: You heal very quickly. [Vine Stalker growth]
  2005 | D:4      | Reached XP level 6. HP: 30/32 MP: 8/8
  2038 | D:4      | Found Ehalu's Distillery.
  2273 | D:4      | Reached skill level 4 in Stealth
  2273 | D:4      | Reached skill level 3 in Evocations
  2405 | D:4      | Reached skill level 4 in Fighting
  2515 | D:4      | Reached skill level 2 in Armour
  2632 | D:5      | Entered Level 5 of the Dungeon
  2677 | D:5      | Reached XP level 7. HP: 35/37 MP: 10/10
  2718 | D:5      | Found a radiant altar of Vehumet.
  2849 | D:5      | Found a staircase to the Ecumenical Temple.
  2863 | Temple   | Entered the Ecumenical Temple
  2904 | Temple   | Became a worshipper of Pakellas the Inventive
  2904 | Temple   | Reached * piety under Pakellas
  2904 | Temple   | Received a gift from Pakellas
  2904 | Temple   | Reached ** piety under Pakellas
  2904 | Temple   | Received a gift from Pakellas
  3048 | D:5      | Noticed Amnesiac's ghost (amateur VSAr)
  3055 | D:5      | Killed Amnesiac's ghost
  3408 | D:5      | Reached skill level 5 in Stealth
  3408 | D:5      | Reached skill level 4 in Evocations
  3503 | D:5      | Gained mutation: You have razor-sharp teeth. [Vine Stalker growth]
  3503 | D:5      | Reached XP level 8. HP: 33/42 MP: 11/12
  3880 | D:6      | Reached skill level 5 in Fighting
  3954 | D:6      | Reached skill level 1 in Long Blades
  3986 | D:6      | Reached *** piety under Pakellas
  3986 | D:6      | Received a gift from Pakellas
  4029 | D:6      | Found a basalt altar of Yredelemnul.
  4029 | D:6      | Found a glowing silver altar of Zin.
  4029 | D:6      | Found an opulent altar of Gozag.
  4036 | D:6      | Reached skill level 3 in Armour
  4133 | D:6      | Reached skill level 4 in Dodging
  4201 | D:6      | Noticed Crazy Yiuf
  4207 | D:6      | Killed Crazy Yiuf
  4616 | D:4      | Reached skill level 2 in Long Blades
  4677 | D:4      | Reached skill level 5 in Evocations
  4733 | D:4      | Reached XP level 9. HP: 47/47 MP: 13/13
  4811 | D:4      | Reached **** piety under Pakellas
  4811 | D:4      | Received a gift from Pakellas
  4912 | D:4      | Reached skill level 6 in Stealth
  5066 | D:5      | Reached skill level 3 in Long Blades
  5233 | D:7      | Reached skill level 6 in Evocations
  5332 | D:7      | Found a shattered altar of Ashenzari.
  5893 | D:8      | Reached skill level 4 in Long Blades
  6107 | D:8      | Noticed Prince Ribbit
  6116 | D:8      | Killed Prince Ribbit
  6116 | D:8      | Reached skill level 4 in Armour
  6116 | D:8      | Reached XP level 10. HP: 37/53 MP: 15/15
  6195 | D:8      | Reached skill level 6 in Fighting
  6201 | D:8      | Reached skill level 7 in Stealth
  6203 | D:8      | Reached skill level 5 in Dodging
  6469 | D:9      | Noticed Maurice
  6657 | D:9      | Noticed Maurice
  6657 | D:9      | Maurice changed into Maurice the warg
  6670 | D:8      | Killed Maurice the warg
  6670 | D:8      | Reached skill level 5 in Long Blades
  6924 | D:8      | Reached ***** piety under Pakellas
  6924 | D:8      | Received a gift from Pakellas
  6962 | D:9      | Reached skill level 7 in Evocations
  7490 | D:10     | Entered Level 10 of the Dungeon
  7494 | D:10     | Reached skill level 6 in Long Blades
  7895 | D:10     | Reached XP level 11. HP: 57/58 MP: 17/17
  8320 | D:10     | Found a staircase to the Lair.
  8336 | D:10     | Reached skill level 8 in Stealth
  8397 | D:10     | Reached skill level 5 in Armour
  8580 | D:10     | Identified a +2 rod of inaccuracy (14/14) {!a} (Pakellas gifted it to you on level 8 of the Dungeon)
  8583 | D:10     | Reached skill level 8 in Evocations
  8815 | Lair:1   | Entered Level 1 of the Lair of Beasts
  8841 | D:10     | Noticed a hill giant
  8846 | D:10     | Killed a hill giant
  8878 | D:11     | Noticed Erica
  8996 | D:11     | Killed Erica
  8996 | D:11     | Reached skill level 7 in Fighting
  8996 | D:11     | Reached skill level 7 in Long Blades
  9041 | D:11     | Found a staircase to the Orcish Mines.
  9164 | D:11     | Found a burning altar of Makhleb.
  9202 | D:11     | Reached ****** piety under Pakellas
  9263 | D:11     | Noticed a hill giant
  9287 | D:11     | Killed a hill giant
  9287 | D:11     | Reached skill level 6 in Dodging
  9483 | D:11     | Noticed a cyclops
  9488 | D:11     | Killed a cyclops
  9490 | D:11     | Reached skill level 9 in Stealth
  9547 | D:11     | Noticed a six-headed hydra
  9560 | D:11     | Killed a six-headed hydra
  9560 | D:11     | Reached skill level 9 in Evocations
  9560 | D:11     | Gained mutation: You regenerate. [Vine Stalker growth]
  9560 | D:11     | Reached XP level 12. HP: 63/63 MP: 19/19
  9822 | D:11     | Noticed Gastronok
  9845 | D:11     | Killed Gastronok
  9845 | D:11     | Reached skill level 8 in Long Blades
  9845 | D:11     | Reached skill level 6 in Armour
 10436 | Lair:1   | Noticed a seven-headed hydra
 10442 | Lair:1   | Killed a seven-headed hydra
 11088 | Lair:1   | Reached skill level 10 in Stealth
 11088 | Lair:1   | Reached skill level 10 in Evocations
 11353 | Lair:2   | Reached skill level 9 in Long Blades
 11423 | Lair:2   | Reached skill level 8 in Fighting
 11590 | Lair:2   | Reached XP level 13. HP: 27/68 MP: 13/21
 11800 | Lair:2   | Reached skill level 7 in Dodging
 12431 | Lair:3   | Found a staircase to the Swamp.
 13423 | Lair:4   | Found a hole to the Spider Nest.
 13782 | Lair:4   | Reached skill level 10 in Long Blades
 14567 | Lair:5   | Reached skill level 11 in Stealth
 15229 | Lair:5   | Reached skill level 11 in Evocations
 15270 | Lair:6   | Succumbed to a spiny frog's poison

Skill      XL: |  1  2  3  4  5  6  7  8  9 10 11 12 13 |
---------------+----------------------------------------+-----
Fighting       | 3 4 5 6 7 8 |  8.6
Evocations     | 1 2 3 4 5 6 7 9 10 11 | 11.0
Armour         | 1 2 3 4 5 6 |  6.9
Dodging        | 3 4 5 6 7 |  7.4
Stealth        | 3 4 5 6 7 9 10 11 | 11.1
Long Blades    | 2 4 6 7 9 10 | 10.2
Unarmed Combat | |  4.0

Action                   |  1- 3 |  4- 6 |  7- 9 | 10-12 | 13-15 || total
-------------------------+-------+-------+-------+-------+-------++-------
Melee: Unarmed           |    99 |   141 |    85 |       |       ||   325
       Bite              |    16 |    49 |   178 |   245 |    97 ||   585
       Punch             |     1 |     5 |    10 |     3 |       ||    19
       Falchion          |       |       |   335 |   103 |       ||   438
       Dagger            |       |       |     4 |     9 |    20 ||    33
       Great sword       |       |       |       |   498 |   231 ||   729
Throw: Tomahawk          |       |       |       |     1 |     5 ||     6
Invok: Quick Charge      |       |       |     2 |     2 |     1 ||     5
 Abil: Evoke Berserk Rag |       |     5 |    10 |    10 |     4 ||    29
       Evoke Flight      |       |       |       |     1 |       ||     1
Evoke: Wand              |       |       |     6 |     4 |    12 ||    22
       Rod               |       |       |       |    27 |     4 ||    31
       Fan of gales      |       |       |       |     1 |     1 ||     2
  Use: Scroll            |       |       |     1 |    11 |     4 ||    16
 Stab: Sleeping          |     6 |     2 |    10 |    18 |    14 ||    50
       Distracted        |       |       |       |     2 |     1 ||     3
  Eat: Chunk             |     1 |     8 |    20 |    28 |    14 ||    71
Armor: Robe              |    18 |    18 |    83 |   113 |    41 ||   273
Dodge: Dodged            |    65 |    98 |   355 |   646 |   243 ||  1407
